 Dungeon Crawl Stone Soup version 0.27-a0-668-gb5737ff2c0 (webtiles) character file.

Game seed: 14742174650775660801

2540 DavidChitty2 the Basher (level 9, 0/57 HPs)
             Began as a Gargoyle Fighter on Mar 17, 2021.
             Slain by an orc warrior
             ... wielding a +0 halberd
              (8 damage)
             ... on level 7 of the Dungeon.
             The game lasted 00:08:51 (7199 turns).

DavidChitty2 the Basher (Gargoyle Fighter)          Turns: 7199, Time: 00:08:52

Health: 0/57       AC: 20    Str: 23    XL:     9   Next: 55%
Magic:  9/9        EV:  6    Int:  9    God:
Gold:   313        SH: 10    Dex:  9    Spells: 8/8 levels left

rFire    . . .     SeeInvis .   a - +0 flail (freeze)
rCold    . . .     Faith    .   c - +0 kite shield
rNeg     + . .     Spirit   .   i - +0 chain mail
rPois    ∞         Reflect  .   k - +0 helmet
rElec    +         Harm     .   p - +0 cloak
rCorr    .         Rampage  .   o - +0 pair of gloves
Will     .....                  (no boots)
Stlth    ..........             (no amulet)
HPRegen  0.19/turn              (no ring)
MPRegen  0.11/turn              (no ring)

@: no status effects
A: AC +6, negative energy resistance 1, electricity resistance, torment
resistance 1, unbreathing 1, petrification resistance
a: no special abilities


You were on level 7 of the Dungeon.
You visited 1 branch of the dungeon, and saw 7 of its levels.

You collected 313 gold pieces.

Inventory:

Hand Weapons
 a - a +0 flail of freezing (weapon)
 b - a +0 whip of freezing
   (You took it off Pikel on level 5 of the Dungeon)
Armour
 c - a +0 kite shield (worn)
 i - a +0 chain mail (worn)
   (You took it off an orc on level 5 of the Dungeon)
 k - a +0 helmet (worn)
   (You found it on level 2 of the Dungeon)
 o - a +0 pair of gloves (worn)
   (You found it on level 1 of the Dungeon)
 p - a +0 cloak (worn)
   (You took it off Crazy Yiuf on level 4 of the Dungeon)
Jewellery
 r - an amulet of reflection
   (You found it on level 6 of the Dungeon)
Wands
 q - a wand of polymorph (19)
   (You took it off Crazy Yiuf on level 4 of the Dungeon)
 v - a wand of digging (6)
   (You found it on level 6 of the Dungeon)
 x - a wand of acid (6)
   (You found it on level 2 of the Dungeon)
Scrolls
 m - 2 scrolls of teleportation {@r4}
Potions
 d - 2 potions of might
 f - 3 potions of flight
 g - 2 potions of resistance
 h - a potion of cancellation
 l - 5 potions of curing {@q1}
 n - a potion of berserk rage


   Skills:
 + Level 7.0 Fighting
 * Level 8.2 Maces & Flails
 + Level 7.0 Armour
 + Level 7.0 Shields


You had 8 spell levels left.
You didn't know any spells.
Your spell library contained the following spells:

 Spells                   Type           Power      Damage    Failure   Level
 Corona                   Hex            0%         N/A       100%        1
 Freeze                   Ice            0%         1d3       100%        1
 Slow                     Hex            0%         N/A       100%        2
 Frozen Ramparts          Ice            0%         1d2       100%        3
 Inner Flame              Hex/Fire       0%         N/A       100%        3
 Ozocubu's Armour         Ice            0%         N/A       100%        3
 Portal Projectile        Hex/Tloc       0%         N/A       100%        3
 Cause Fear               Hex            0%         N/A       100%        4
 Hailstorm                Conj/Ice       0%         3d3       100%        4
 Leda's Liquefaction      Hex/Erth       0%         N/A       100%        4
 Summon Ice Beast         Ice/Summ       0%         N/A       100%        4


Dungeon Overview and Level Annotations

Branches:
Dungeon (7/15)
 Temple: D:4-7

Altars:
Elyvilon
Fedhas
Kikubaaqudgha
Makhleb
Yredelemnul

Shops:
D:5 (


Innate Abilities, Weirdness & Mutations

Your stone body is resilient. (AC +6)
You are immune to poison.
You resist negative energy. (rN+)
You are resistant to electric shocks. (rElec)
You are resistant to unholy torment.
You can survive without breathing.
You are immune to petrification.


Message History

The orc warrior barely misses you.
The orc warrior hits you with a +4 vorpal trident.
You see here a +0 dagger.
You barely miss the orc warrior.
The orc wizard gestures at itself while chanting.
The orc wizard flickers and vanishes!
Deactivating autopickup; reactivate with Ctrl-A.
The orc warrior hits you with a +4 vorpal trident.
You block the orc warrior's attack.
You sock the orc warrior! You freeze the orc warrior.
The orc warrior hits you with a +4 vorpal trident.
You block the orc warrior's attack.
You closely miss the orc warrior. You block the orc warrior's attack.
The orc warrior hits you but does no damage.
You barely miss the orc warrior.
The orc warrior hits you but does no damage.
You block the orc warrior's attack.
You hit the orc warrior but do no damage.
You block the orc warrior's attack. x2
You hit the orc warrior. You freeze the orc warrior.
You block the orc warrior's attack. x2; The orc warrior closely misses you.
You closely miss the orc warrior. You block the orc warrior's attack. x2
You hit the orc warrior but do no damage.
You block the orc warrior's attack. x2
The orc warrior hits you from afar with a +0 halberd.
You hit the orc warrior. You freeze the orc warrior.
The orc warrior hits you but does no damage.
You block the orc warrior's attack.
You hit the orc warrior but do no damage.
The orc warrior hits you but does no damage.
The orc warrior hits you from afar with a +0 halberd!
You hit the orc warrior but do no damage.
The orc warrior barely misses you. The orc warrior completely misses you.
You hit the orc warrior. You freeze the orc warrior.
You kill the orc warrior!
The orc warrior barely misses you.
Your Armour skill increases to level 7!
Your Shields skill increases to level 7!
The orc warrior hits you with a +0 halberd!!
* * * LOW HITPOINT WARNING * * *
Things that are here:
a +4 vorpal trident; a +0 chain mail; an orc corpse You closely miss the orc warrior.
The orc warrior hits you but does no damage.
You closely miss the orc warrior. The orc warrior barely misses you.
The orc warrior hits you with a +0 halberd!
* * * LOW HITPOINT WARNING * * *
You sock the orc warrior! You freeze the orc warrior!
The orc warrior hits you with a +0 halberd!
You die...

.............#.#.#
.............#.#.#
................>#
.#...........#.###
.#...........#.###
.#...........#...#
.#...........###.#
.#...........# #)#
.##.########## #@#
..#.# #o# #.# #.#
#.# #B# .. .o# ###


You could see an orc warrior, an orc and a giant cockroach.

Vanquished Creatures
  Pikel (D:5)
  Grinder (D:5)
  Sigmund (D:5)
  Eustachio (D:5)
  An orc warrior (D:7)
  A sky beast (D:6)
  An ice beast (D:5)
  2 ogres (D:6)
  3 centaurs
  A phantom (D:4)
  A gnoll sergeant (D:6)
  3 wights (D:6)
  A howler monkey (D:6)
  4 hounds
  A jelly (D:5)
  Crazy Yiuf (D:4)
  Jessica (D:2)
  4 worker ants
  A hound zombie (D:5)
  3 gnolls (D:6)
  10 adders
  A shadow imp (D:7)
  A white imp (D:3)
  An adder skeleton (D:6)
  3 worms (D:3)
  3 dart slugs
  5 leopard geckos
  7 orcs
  A ball python (D:1)
  6 giant cockroaches
  11 goblins
  8 hobgoblins
  18 jackals
  8 kobolds
  5 quokkas
  8 bats
  7 frilled lizards
  A leopard gecko skeleton (D:6)
  A quokka zombie (D:5)
  10 rats
148 creatures vanquished.

Notes
Turn   | Place    | Note
-------+----------+-------------------------------------------
     0 | D:1      | DavidChitty2 the Gargoyle Fighter began the quest for the
                  | Orb.
     0 | D:1      | Reached XP level 1. HP: 14/14 MP: 1/1
   189 | D:1      | Reached XP level 2. HP: 17/19 MP: 2/2
   702 | D:1      | Reached XP level 3. HP: 22/23 MP: 3/3
  1213 | D:2      | Found a burning altar of Makhleb.
  1221 | D:2      | Found a blossoming altar of Fedhas.
  1257 | D:2      | You fall into a shaft and drop 2 floors!
  1328 | D:4      | Reached skill level 3 in Maces & Flails
  1328 | D:4      | Reached XP level 4. HP: 29/29 MP: 4/4
  2445 | D:2      | Noticed Jessica
  2449 | D:2      | Killed Jessica
  2450 | D:2      | Reached XP level 5. HP: 26/33 MP: 5/5
  3809 | D:4      | Reached skill level 4 in Maces & Flails
  3862 | D:4      | Reached XP level 6. HP: 33/39 MP: 6/6
  4000 | D:4      | Found a runed translucent door.
  4001 | D:4      | Noticed Crazy Yiuf
  4462 | D:4      | Killed Crazy Yiuf
  4620 | D:5      | Entered Level 5 of the Dungeon
  4894 | D:5      | Noticed Eustachio
  4912 | D:5      | Reached XP level 7. HP: 44/44 MP: 7/7
  4986 | D:5      | Killed Eustachio
  4987 | D:5      | Reached skill level 5 in Fighting
  4987 | D:5      | Reached skill level 5 in Maces & Flails
  4987 | D:5      | Reached skill level 5 in Armour
  4987 | D:5      | Reached skill level 5 in Shields
  5153 | D:5      | Noticed Pikel
  5179 | D:5      | Killed Pikel
  5180 | D:5      | Reached skill level 6 in Maces & Flails
  5180 | D:5      | Reached XP level 8. HP: 38/51 MP: 8/8
  5274 | D:5      | Found Feats's Weapon Emporium.
  5390 | D:5      | Noticed Sigmund
  5420 | D:5      | Killed Sigmund
  5752 | D:5      | Reached skill level 7 in Maces & Flails
  5868 | D:5      | Noticed Grinder
  5876 | D:5      | Killed Grinder
  5877 | D:5      | Reached XP level 9. HP: 54/56 MP: 9/9
  6166 | D:6      | Found an ancient bone altar of Kikubaaqudgha.
  6166 | D:6      | Found a white marble altar of Elyvilon.
  6610 | D:6      | Reached skill level 8 in Maces & Flails
  7199 | D:7      | Slain by an orc warrior

Illustrated notes

Levels and vault maps discovered:
D:1:      tarquinn_simple_flora_water_d, layout_rooms, skrybe_limestone_x,
          kennysheep_crisscross
D:2:      layout_basic, grunt_temple_overflow_diamond, uniq_jessica
D:3:      layout_basic
D:4:      kennysheep_big_flooded_room, layout_loops_ring,
          uniq_crazy_yiuf_cottage
D:5:      layout_loops_cross, serial_shops, shop, uniq_pikel, uniq_sigmund,
          uniq_grinder, uniq_eustachio
D:6:      layout_basic, gammafunk_temple_overflow_statue
D:7:      layout_basic, minmay_temple_entry_offerings, guppyfry_shop_venom,
          uniq_menkaure

Skill      XL: |  1  2  3  4  5  6  7  8  9 |
---------------+----------------------------+-----
Maces & Flails | 3 4 6 7 8 |  8.2
Shields        | 4 5 6 7 |  7.0
Fighting       | 4 5 6 7 |  7.0
Armour         | 4 5 6 7 |  7.0

Action                   |  1- 3 |  4- 6 |  7- 9 || total
-------------------------+-------+-------+-------++-------
Melee: Flail             |   128 |   323 |   315 ||   766
       Unarmed           |       |     2 |       ||     2
Evoke: Wand              |       |       |     4 ||     4
  Use: Scroll            |       |     7 |     4 ||    11
       Potion            |       |       |     1 ||     1
Armor: Scale mail        |    65 |   215 |       ||   280
       Chain mail        |       |    23 |   230 ||   253
Dodge: Dodged            |    44 |   142 |    99 ||   285
Block: Kite shield       |    63 |   189 |   196 ||   448

Table legend: (Time is in decaauts)
 A = Elapsed time spent in this place.
 B = Non-inter-level travel time spent in this place.
 C = Inter-level travel time spent in this place.
 D = Time resting spent in this place.
 E = Time spent auto-exploring this place.
 F = Levels seen in this place.
 G = Mean time per level.
                   A        B        C        D        E       F      G
               +--------+--------+--------+--------+--------+-----+--------+
         Total |   7480 |   7239 |    241 |   1363 |   4280 |   7 | 1068.6 |
       Dungeon |   7480 |   7239 |    241 |   1363 |   4280 |   7 | 1068.6 |
               +--------+--------+--------+--------+--------+-----+--------+

Top non-repeatable levels by time:
     D:3: 1570 daAuts
     D:5: 1479 daAuts
     D:2: 1200 daAuts
     D:6: 1047 daAuts
     D:4: 1045 daAuts
     D:1: 1006 daAuts
     D:7: 131 daAuts
